 Dungeon Crawl Stone Soup version 0.31-a0-321-g19405a7a6a (webtiles) character file.

Game seed: 12458017638962631155

66 LeprechaunX the Changeling (level 4, 0/30 HPs)
             Began as an Octopode Shapeshifter on July 17, 2023.
             Slain by a jackal (3 damage)
             ... on level 2 of the Dungeon.
             The game lasted 00:01:58 (1404 turns).

LeprechaunX the Changeling (Octopode Shapeshifter)  Turns: 1404, Time: 00:01:59

Health: 0/30       AC:  1    Str: 16    XL:     4   Next: 15%
Magic:  4/4        EV: 13    Int: 10    God:
Gold:   116        SH:  0    Dex: 12    Spells: 3/3 levels left

rFire   . .          .
                       - Unarmed
rCold   . . .        (no shield)
rNeg    . . .        (helmet currently unavailable)
rPois   .            (no amulet)
rElec   .            (no ring)
rCorr   .            (no ring)
SInv    .            (no ring)
Will    .....        (no ring)
Stlth   ++           (no ring)
HPRegen 0.25/turn    (no ring)
MPRegen 0.09/turn    (no ring)
                     (no ring)

%: no passive effects
@: lethally poisoned (0 -> -3), beast-form
A: beast (slay +2), almost no armour, amphibious, 8 rings, camouflage 1,
gelatinous body 1, (nimble swimmer 1), tentacles
a: Begin Untransformation


You were on level 2 of the Dungeon.
You were a hulking beast.
You visited 1 branch of the dungeon, and saw 2 of its levels.

You collected 116 gold pieces.

Inventory:

Jewellery
 h - a ring of protection from cold
Talismans
 b - a beast talisman
Scrolls
 c - a scroll of teleportation {unknown}
 e - a scroll of amnesia {unknown}
Potions
 a - a potion of lignification
 d - a potion of magic {unknown}
 f - a potion of cancellation {unknown}
 g - a potion of degeneration {unknown}


   Skills:
 + Level 2.4 Fighting
 + Level 2.4 Dodging
 * Level 3.0 Unarmed Combat
 * Level 3.5 Shapeshifting


You had 3 spell levels left.
You didn't know any spells.
Your spell library contained the following spells:

 Spells                   Type           Power      Damage    Failure   Level
 Magic Dart               Conj           0%         1d3       36%         1
 Call Imp                 Summ           0%         N/A       50%         2
 Mephitic Cloud           Conj/Pois/Air  0%         N/A       75%         3
 Summon Ice Beast         Ice/Summ       0%         N/A       98%         4
 Summon Mana Viper        Hex/Summ       0%         N/A       100%        5
 Monstrous Menagerie      Summ           0%         N/A       100%        7


Dungeon Overview and Level Annotations

Branches:
Dungeon (2/15)

Altars:

Shops:
D:1 =


Innate Abilities, Weirdness & Mutations

You are a hulking beast.
Your limbs bulge with bestial killing power. (Slay +2)
You cannot wear most types of armour.
You are amphibious.
You can wear up to eight rings at the same time.
Your skin changes colour to match your surroundings (Stealth+).
Your rubbery body absorbs attacks. (AC +1, EV +1)
((You are camouflaged when in or above water. (Stealth+)))
You have tentacles for arms and can constrict up to eight enemies at once.


Message History

The adder hisses angrily.
The jackal barks!
You grab the jackal. You constrict the jackal. The jackal closely misses you.
The jackal bites you.
You tentacle-slap the jackal. Your squeeze misses the jackal.
The jackal is lightly wounded.
You constrict the jackal. The jackal completely misses you.
The jackal bites you.
You tentacle-slap the jackal.
You kill the jackal!
The jackal bites you. The adder closely misses you.
You have reached level 4!
You miss the adder. Your grab misses the adder. Your squeeze misses the adder.
The jackal bites you. The jackal closely misses you. The adder bites you.
The jackal barely misses you. The jackal bites you.
The adder bites you but does no damage.
You tentacle-slap the adder. Your grab misses the adder.
The adder is heavily wounded.
The jackal misses you. The jackal closely misses you.
The adder closely misses you.
You tentacle-slap the adder. Your grab misses the adder.
Your squeeze misses the adder.
The adder is almost dead.
The jackal bites you. The jackal misses you. The adder closely misses you.
The jackal bites you.
You closely miss the jackal. You grab the jackal. You constrict the jackal.
The jackal bites you. The adder bites you.
You are poisoned.
The adder poisons you! The jackal barely misses you. The jackal bites you.
* * * LOW HITPOINT WARNING * * *
You tentacle-slap the adder.
You kill the adder!
You constrict the jackal.
You feel sick.
The jackal bites you but does no damage.
The jackal barely misses you.
Your Unarmed Combat skill increases to level 3!
You barely miss the jackal. You grab the jackal. You constrict the jackal. x2
You feel sick. The jackal bites you.
* * * LOW HITPOINT WARNING * * *
The jackal barely misses you. The jackal bites you.
You die...

. # #.# . #. ... ..#
####. ###. ##.##... ....
.... ...#... #####.# ..#
#..##.# #....#.
##.#.#†##..##.# #.###.#
#<..>.hh..†##.####.###[#
##.#!#h#..).........##.#
#..................##.#
#.#(##....##.#####.##.#
## #....##..####.##.#
#.$...........##.#
..................#
#.####$..####..........
#.# #...# ####..#####


You could see 2 jackals.

Vanquished Creatures
  2 adders (D:2)
  A worm (D:2)
  A dart slug (D:1)
  3 bats (D:1)
  4 endoplasms
  A giant cockroach (D:1)
  3 goblins
  3 hobgoblins (D:1)
  2 jackals (D:2)
  4 kobolds
  3 quokkas (D:1)
  8 ball pythons
  4 frilled lizards
  A rat (D:2)
40 creatures vanquished.

Notes
Turn   | Place    | Note
-------+----------+-------------------------------------------
     0 | D:1      | LeprechaunX the Octopode Shapeshifter began the quest for
                  | the Orb.
     0 | D:1      | Reached XP level 1. HP: 14/14 MP: 1/1
   233 | D:1      | Reached XP level 2. HP: 17/19 MP: 2/2
   267 | D:1      | Found Hafrech's One-of-a-Kind Rings.
   483 | D:1      | You fall into a shaft and drop 1 floor!
   595 | D:1      | Reached XP level 3. HP: 21/24 MP: 3/3
  1399 | D:2      | Reached XP level 4. HP: 22/30 MP: 4/4
  1404 | D:2      | Slain by a jackal

Illustrated notes

Levels and vault maps discovered:
D:1:      giann_forest_graveyard, layout_loops_corners,
          nicolae_shop_unique_rings, hangedman_abyss_or_decor_stabs
D:2:      layout_loops_ring, serial_bayou_crossing

Skill      XL: |  1  2  3  4 |
---------------+-------------+-----
Unarmed Combat | 3 |  3.0
Fighting       | |  2.4
Dodging        | |  2.4
Shapeshifting  | |  3.5

Action                     |  1- 3 |  4- 6 || total
---------------------------+-------+-------++-------
  Melee: Unarmed           |    66 |     6 ||    72
         Constrict         |    17 |     2 ||    19
         Tentacles         |    11 |       ||    11
         Punch             |     1 |       ||     1
   Stab: Sleeping          |     7 |       ||     7
 Armour: Skin              |     4 |     2 ||     6
  Dodge: Dodged            |    26 |    10 ||    36

Table legend: (Time is in decaauts)
 A = Elapsed time spent in this place.
 B = Non-inter-level travel time spent in this place.
 C = Inter-level travel time spent in this place.
 D = Time resting spent in this place.
 E = Time spent auto-exploring this place.
 F = Levels seen in this place.
 G = Mean time per level.
                   A        B        C        D        E       F      G
               +--------+--------+--------+--------+--------+-----+--------+
         Total |   1400 |   1391 |      9 |     64 |   1103 |   2 |  700.0 |
       Dungeon |   1400 |   1391 |      9 |     64 |   1103 |   2 |  700.0 |
               +--------+--------+--------+--------+--------+-----+--------+

Top non-repeatable levels by time:
     D:1: 1006 daAuts
     D:2: 394 daAuts
